 Dungeon Crawl Stone Soup version 0.18-a0-1649-g8d9735b (webtiles) character file.

1644 namelastname112 the Chopper (level 8, -3/69 HPs)
             Began as a White Draconian Gladiator on Mar 29, 2016.
             Was a Believer of Dithmenos.
             Slain by an ogre
             ... wielding a +0 giant club
              (12 damage)
             ... on level 7 of the Dungeon.
             The game lasted 00:10:37 (6945 turns).

namelastname112 the Chopper (DrGl)                  Turns: 6945, Time: 00:10:38

Health: -3/69      AC:  4    Str: 17 (18) XL:     8   Next: 67%
Magic:  8/8        EV: 16    Int:  8      God:    Dithmenos [**....]
Gold:   313        SH:  3    Dex: 14      Spells: 0 memorised, 7 levels left

rFire  . . .     SeeInvis .     a - +1 war axe
rCold  + . .     Gourm    .     (armour unavailable)
rNeg   . . .     Faith    .     (no shield)
rPois  .         Spirit   .     b - +0 hat
rElec  .         Dismiss  .     s - +1 cloak
rCorr  .         Reflect  +     (no gloves)
SustAt .         Harm     .     (no boots)
MR     .....                    j - +3 amulet of reflection
Stlth  ++........               v - +4 ring of protection
                                g - +1 ring of evasion

@: corroded, wreathed by umbra, not resistant to hostile enchantments,
unstealthy
A: breathe frost, unfitting armour, blurry vision 1, cold resistance 1,
deterioration 1, no device heal 1, cold-blooded, AC +6
a: Breathe Frost, Shadow Step, Renounce Religion


You were on level 7 of the Dungeon.
You worshipped Dithmenos.
Dithmenos was pleased with you.
You were not hungry.

You visited 1 branch of the dungeon, and saw 7 of its levels.

You collected 313 gold pieces.

Inventory:

Hand Weapons
 a - a +1 war axe (weapon)
Missiles
 c - 5 throwing nets (quivered)
Armour
 b - a +0 hat (worn)
 s - a +1 cloak (worn)
Jewellery
 g - a +1 ring of evasion (left hand)
 j - a +3 amulet of reflection (around neck)
 v - a +4 ring of protection (right hand)
Scrolls
 e - a scroll of remove curse
 u - 3 scrolls of identify
 y - a scroll of blinking
Potions
 f - 3 potions of magic
 k - 2 potions of might {unknown}
 l - a potion of brilliance {unknown}
 m - 2 potions of berserk rage
 o - a potion of agility {unknown}
 p - a potion of resistance
 q - a potion of cancellation
 w - a potion of haste {unknown}
 z - a potion of beneficial mutation {unknown}
 A - a potion of degeneration {unknown}
 B - a potion of cure mutation {unknown}
 C - a potion of ambrosia {unknown}
 D - a potion of lignification
Books
 i - a book of Death

   Spells                             Type                      Level
   a - Corpse Rot                     Necromancy                   2
   b - Sublimation of Blood           Necromancy                   2
   c - Agony                          Necromancy                   5
   d - Dispel Undead                  Necromancy                   5
   e - Excruciating Wounds            Charms/Necromancy            5
   f - Bolt of Draining               Conjuration/Necromancy       5
Comestibles
 d - 4 bread rations
 h - 2 slices of pizza
 n - 2 beef jerkies
 r - 9 fruits
 t - 2 meat rations


   Skills:
 + Level 5.5 Fighting
 * Level 7.9 Axes
 + Level 4.4 Throwing
 + Level 5.3 Dodging


You had 7 spell levels left.
You didn't know any spells.

Dungeon Overview and Level Annotations

Branches:
Dungeon (7/15)             Temple (0/1) D:6

Altars:
Ashenzari
Dithmenos
Fedhas
Nemelex Xobeh
Okawaru
Ru
Sif Muna
Vehumet
Zin
The Shining One

Shops:
D:4 [


Innate Abilities, Weirdness & Mutations

You can breathe waves of freezing cold.
You can buffet flying creatures when you breathe cold.
Your icy white scales are hard (AC +6).
Your body does not fit into most forms of armour.
Your flesh is cold resistant.
You are cold-blooded and may be slowed by cold attacks.
Scrolls take you a little longer to read.
Your body sometimes deteriorates upon taking damage.
Potions and wands are less effective at restoring your health.


Message History

You closely miss something. You closely miss the orc priest.
The orc priest is moderately wounded.
You barely miss the jelly.
The jelly is severely wounded.
The hound misses you. The hound closely misses you.
Something hits you but does no damage. The jelly hits you.
You are splashed with acid!
The acid corrodes you!
The acid burns!
* * * LOW HITPOINT WARNING * * *
Your body deteriorates!
You feel weakened.
The orc priest mumbles some strange prayers to Beogh against you.
Beogh smites you!
* * * LOW HITPOINT WARNING * * *
The ogre barely misses you.
Drink which item? (? for menu, Esc to quit)
You feel better. The hound closely misses you. Something barely misses you.
The orc priest looks braver for a moment.
The jelly barely misses you. The hound barely misses you.
The orc priest misses you. The jelly hits you but does no damage.
The ogre hits you with a giant club!
You die...

####.......# #......#
...........#### #......##+#
..............# #..........
...........)..# #..........
.....(..##....# #..........
....<...##....####.......#
........##.....#.o{......#+#
...............#.O...)......
....###........#@Jh(.)......
.#### #..........#...#......
...# #######....#.......#>#
.................#[......# #
.....#...........####....#
.................# .....
.......######....# ......
.......# ###### .......#


You could see an ogre, a hound, a jelly and an orc priest.

Vanquished Creatures
  The ghost of slayr the Cudgeler, an amateur MiBe of Trog (D:4)
  Edmund (D:5)
  A black bear (D:6)
  3 ogres
  2 centaurs
  A giant frog (D:5)
  A scorpion (D:5)
  4 killer bees (D:5)
  A giant frog zombie (D:7)
  A hound (D:5)
  An orc wizard (D:4)
  Crazy Yiuf (D:4)
  A centaur skeleton (D:6)
  A giant frog skeleton (D:4)
  Terence (D:3)
  3 worker ants (D:6)
  A hound zombie (D:7)
  A hound skeleton (D:4)
  8 adders
  8 gnolls
  A shadow imp (D:6)
  2 adder zombies (D:5)
  3 worms
  2 dart slugs
  4 giant geckos
  10 orcs
  6 giant cockroaches
  10 goblins
  8 hobgoblins
  16 jackals
  2 quokkas
  11 bats
  A giant newt (D:3)
  10 kobolds
  A quokka skeleton (D:5)
  5 rats
134 creatures vanquished.

Vanquished Creatures (others)
  2 goblins
2 creatures vanquished.

Grand Total: 136 creatures vanquished

Notes
Turn   | Place    | Note
--------------------------------------------------------------
     0 | D:1      | namelastname112 the Draconian Gladiator began the quest for the Orb.
     0 | D:1      | Reached XP level 1. HP: 17/17 MP: 1/1
   262 | D:1      | Reached XP level 2. HP: 21/25 MP: 2/2
   491 | D:1      | Reached XP level 3. HP: 26/30 MP: 3/3
  1020 | D:2      | Found a glowing golden altar of the Shining One.
  1110 | D:2      | Found a faded altar to an unknown god.
  1405 | D:1      | Reached skill level 4 in Axes
  1405 | D:1      | Reached XP level 4. HP: 25/37 MP: 4/4
  2443 | D:3      | Noticed Terence
  2448 | D:3      | Reached XP level 5. HP: 44/44 MP: 5/5
  2461 | D:3      | Killed Terence
  2641 | D:3      | Found an iron altar of Okawaru.
  2749 | D:3      | Found a shattered altar of Ashenzari.
  2957 | D:3      | Gained mutation: Scrolls take you a little longer to read. [potion of mutation]
  2957 | D:3      | Gained mutation: Potions and wands are less effective at restoring your health. [potion of mutation]
  2957 | D:3      | Gained mutation: Your body sometimes deteriorates upon taking damage. [potion of mutation]
  2958 | D:3      | Pr0man: gogo
  2960 | D:3      | Pr0man: win
  2964 | D:3      | namelastname112: i won once today
  2964 | D:3      | namelastname112: so
  2964 | D:3      | namelastname112: meh
  2971 | D:3      | Found a radiant altar of Vehumet.
  3759 | D:4      | Reached skill level 5 in Axes
  3763 | D:4      | Found Reginat's Antique Armour Shoppe.
  3895 | D:4      | Reached XP level 6. HP: 6/51 MP: 6/6
  4320 | D:4      | Noticed slayr's ghost (amateur MiBe)
  4346 | D:4      | Killed slayr's ghost
  4571 | D:4      | Pr0man: well
  4576 | D:4      | Pr0man: atleast you won
  4618 | D:4      | Found a deep blue altar of Sif Muna.
  4654 | D:4      | Noticed Crazy Yiuf
  4663 | D:4      | Killed Crazy Yiuf
  4753 | D:5      | Entered Level 5 of the Dungeon
  4768 | D:5      | Your scales start taking on an icy white colour.
  4768 | D:5      | Reached XP level 7. HP: 24/59 MP: 7/7
  4768 | D:5      | Gained mutation: Your flesh is cold resistant. [White Draconian growth]
  4771 | D:5      | Reached skill level 6 in Axes
  4995 | D:2      | Became a worshipper of Dithmenos the Shadowed
  4995 | D:2      | Reached * piety under Dithmenos
  5871 | D:5      | Reached XP level 8. HP: 67/67 MP: 8/8
  5933 | D:5      | Noticed Edmund
  5938 | D:5      | Reached skill level 7 in Axes
  5951 | D:5      | Killed Edmund
  5951 | D:5      | Reached skill level 5 in Fighting
  5977 | D:5      | Found a sacrificial altar of Ru.
  6211 | D:6      | Reached skill level 5 in Dodging
  6306 | D:6      | Pr0man: why dith thou?
  6340 | D:6      | namelastname112: random altar
  6353 | D:6      | Pr0man: lol
  6392 | D:6      | Found a shadowy altar of Dithmenos.
  6601 | D:6      | namelastname112: well, dith is useful on any char
  6607 | D:6      | Found a glowing silver altar of Zin.
  6607 | D:6      | Found a blossoming altar of Fedhas.
  6609 | D:6      | Found a sparkling altar of Nemelex Xobeh.
  6619 | D:6      | Pr0man: really want to get a ranged character going that's not a damn centaure
  6729 | D:6      | Found a staircase to the Ecumenical Temple.
  6847 | D:7      | Reached ** piety under Dithmenos
  6848 | D:7      | namelastname112: go ogam
  6942 | D:7      | Pr0man: no thanks
  6943 | D:7      | Pr0man: I hate ogres
  6945 | D:7      | Slain by an ogre

Vault maps used:
D:1:      nicolae_arrival_memento_mori, monster_avoids_cloud
D:2:      nicolae_tso_carved_into_rock, ecumenical_altar_2, minmay_distorted
D:3:      fiery_altar_vehumet, okawaru_metal_pillars_1_2, ashenzari_altar_1,
          uniq_terence
D:4:      kennysheep_mini, first_bread, serial_shops, shop,
          minmay_crystal_water, uniq_crazy_yiuf_cottage
D:5:      kennysheep_mini_moat, uniq_edmund
D:6:      nicolae_overflow_hidden_temple, grunt_temple_overflow_open,
          minmay_temple_entry_trees
D:7:      nicolae_qazlal_style_of_elements

Skill      XL: |  1  2  3  4  5  6  7  8 |
---------------+-------------------------+-----
Throwing       | 2 3 4 |  4.4
Dodging        | 3 4 5 |  5.3
Axes           | 4 5 6 7 |  7.9
Fighting       | 3 4 5 |  5.5

Action                   |  1- 3 |  4- 6 |  7- 9 || total
-------------------------+-------+-------+-------++-------
Melee: War axe           |   108 |   153 |   161 ||   422
       Unarmed           |       |    14 |       ||    14
Throw: Throwing net      |     1 |     1 |       ||     2
 Abil: Breathe Frost     |       |       |     4 ||     4
  Use: Scroll            |       |    13 |     2 ||    15
       Potion            |       |     3 |     3 ||     6
 Stab: Sleeping          |     2 |     2 |     1 ||     5
       Held in net/web   |     1 |     1 |       ||     2
  Eat: Chunk             |     1 |     7 |     8 ||    16
       Meat ration       |       |     1 |       ||     1
